 Dungeon Crawl Stone Soup version 0.26.1-11-gd32895ea62 (webtiles) character file.

Game seed: 12846877152073928417

28816 Almogavar the Basher (level 13, 0/82 HPs)
             Began as a Gargoyle Fighter on Apr 21, 2021.
             Was the Champion of Okawaru.
             Slain by a seven-headed hydra (5 damage)
             ... on level 1 of the Lair of Beasts.
             The game lasted 00:51:16 (14776 turns).

Almogavar the Basher (Gargoyle Fighter)            Turns: 14776, Time: 00:51:16

Health: 0/82       AC: 28    Str: 25    XL:     13   Next: 41%
Magic:  11/13      EV: 14    Int: 21    God:    Okawaru [******]
Gold:   496        SH:  5    Dex:  7    Spells: 12/12 levels left

rFire    . . .     SeeInvis +   I - +9 great mace "Cof Yq Sea" {speed, Will- Int+9 Dex-2}
rCold    . . .     Faith    .   (shield currently unavailable)
rNeg     + + .     Spirit   .   G - +0 swamp dragon scales
rPois    ∞         Reflect  +   Q - +1 helmet {Int+3}
rElec    +         Harm     .   O - scarf {+Inv}
rCorr    .         Rampage  .   (no gloves)
Will     .....                  k - +0 pair of boots
Stlth    ++........             A - amulet of reflection
HPRegen  0.23/turn              e - +4 ring of protection
MPRegen  0.13/turn              r - ring "Hocano" {*Drain +Fly rPois rN+ SInv}

@: heroism, slowed, very slow
A: negative energy resistance 1, electricity resistance, unbreathing,
petrification resistance, miasma immunity, AC +9
a: Renounce Religion, Evoke Invisibility, Evoke Flight, Heroism, Finesse


You were on level 1 of the Lair of Beasts.
You worshipped Okawaru.
Okawaru was exalted by your worship.
You visited 4 branches of the dungeon, and saw 15 of its levels.
You also visited: Bailey.

You collected 1266 gold pieces.
You spent 770 gold pieces at shops.

Inventory:

Hand Weapons
 I - the +9 great mace "Cof Yq Sea" (weapon) {speed, Will- Int+9 Dex-2}
   (Okawaru gifted it to you on level 9 of the Dungeon)

   Attacks with this weapon are significantly faster.
   It affects your intelligence (+9).
   It affects your dexterity (-2).
   It affects your willpower, your defense against some magical effects.
 L - a +0 arbalest
Missiles
 f - 112 bolts
Armour
 c - a +0 kite shield
 k - a +0 pair of boots (worn)
 x - +0 steam dragon scales
 G - +0 swamp dragon scales (worn)
 H - the +0 helmet of the Sea {-Tele Rampage Dex+7}
   (You found it in a bailey)

   It affects your dexterity (+7).
   It prevents most forms of teleportation.
   It bestows one free step when moving towards enemies.
 O - a scarf of invisibility (worn)
 Q - a +1 helmet of intelligence (worn)
Jewellery
 e - a +4 ring of protection (left hand)
 q - an uncursed amulet of guardian spirit
 r - the ring "Hocano" (right hand) {*Drain +Fly rPois rN+ SInv}
   (You acquired it on level 10 of the Dungeon)

   [ring of flight]

   It protects you from poison.
   It protects you from negative energy.
   It lets you see invisible.
   It lets you fly.
   It causes draining when unequipped.
 A - an amulet of reflection (around neck)
 J - an uncursed ring of fire
Wands
 b - a wand of digging (6)
 N - a wand of iceblast (7)
Scrolls
 a - a scroll of blinking {unknown}
 d - a scroll of fear
 i - 3 scrolls of magic mapping
 j - 8 scrolls of remove curse
 l - 4 scrolls of enchant weapon {unknown}
 n - 4 scrolls of enchant armour
 v - 6 scrolls of teleportation
 D - 2 scrolls of fog {unknown}
 K - a scroll of summoning {unknown}
Potions
 g - 2 potions of cancellation
 o - 3 potions of heal wounds
 w - 5 potions of curing
 z - a potion of flight {unknown}
 B - 2 potions of resistance
 F - 3 potions of haste {unknown}
 P - a potion of magic {unknown}
Miscellaneous
 R - a lightning rod (4/4)


   Skills:
 + Level 10.3(15.3) Fighting
 + Level 14.7(19.7) Maces & Flails
 - Level 7.9(12.9) Armour
 + Level 4.9(9.9) Dodging
 + Level 2.3(7.3) Stealth
 + Level 12.0(17.0) Shields
 + Level 1.0 Invocations


You had 12 spell levels left.
You didn't know any spells.
Your spell library contained the following spells:

 Spells                   Type           Power        Failure   Level
 Animate Skeleton         Necr           0%           24%         1
 Apportation              Tloc           0%           24%         1
 Corona                   Hex            0%           24%         1
 Summon Small Mammal      Summ           0%           24%         1
 Ensorcelled Hibernation  Hex/Ice        0%           36%         2
 Confusing Touch          Hex            0%           58%         3
 Dazzling Flash           Conj/Hex       0%           58%         3
 Static Discharge         Conj/Air       0%           58%         3
 Tukima's Dance           Hex            0%           58%         3
 Lightning Bolt           Conj/Air       0%           100%        5
 Ignition                 Fire           0%           100%        8
 Shatter                  Erth           0%           100%        9
 Tornado                  Air            0%           100%        9


Dungeon Overview and Level Annotations

Branches:
Dungeon (11/15)            Temple (1/1) D:4            Lair (1/6) D:9
    Orc (2/2) D:11            Elf (0/3) Orc:2        Bailey (visited)

Altars:
Ashenzari
Dithmenos
Elyvilon
Fedhas
Okawaru
Trog
Wu Jian
Xom
Zin
The Shining One

Shops:
D:3 *   D:6 }   D:7 :?   Orc:2 **=}

Annotations:
Lair:1 Gastronok


Innate Abilities, Weirdness & Mutations

You are resistant to torment.
Your stone body is resilient. (AC +9)
You are immune to poison.
You resist negative energy. (rN+)
You are resistant to electric shocks. (rElec)
You can survive without breathing.
You are immune to petrification.
You are immune to miasma.


Message History

The seven-headed hydra bites you but does no damage.
The seven-headed hydra barely misses you. x2
You sock Gastronok!
Gastronok is severely wounded.
The seven-headed hydra barely misses you.
The seven-headed hydra closely misses you.
The seven-headed hydra bites you but does no damage. x2
You block the seven-headed hydra's attack.
The seven-headed hydra barely misses you.
The seven-headed hydra completely misses you.
You bludgeon Gastronok!!
Gastronok is almost dead.
Gastronok waves his eye-stalks in wide circles.
The air twists around and strikes you!
* * * LOW HITPOINT WARNING * * *
The seven-headed hydra barely misses you.
The seven-headed hydra misses you. x2
The seven-headed hydra barely misses you.
The seven-headed hydra bites you.
You die...

###.....######.#.....
........# ##.....
........# #(....
........## ......
.........# #..#
#.#####..# #..# ###
#.## #..# #.# #wD# #.#
##@.# # ##.#######...#
# #............# #
##...........#
#...........##..#
#................
#######†..............$
.......................
####.#.######.#########


You could see Gastronok and a seven-headed hydra.

Vanquished Creatures
  Harold (D:7)
  A hydra (Lair:1)
  4 ogre magi (Orc:2)
  14 two-headed ogres
  2 orc knights
  A cyclops (Orc:2)
  An ugly thing (D:9)
  Joseph (D:7)
  2 gargoyles
  Maggie (D:7)
  2 kobold demonologists (D:11)
  A komodo dragon (D:11)
  A yaktaur (D:11)
  7 trolls
  A meliai zombie (D:10)
  3 yaks (D:9)
  A steam dragon (D:7)
  A soldier ant (D:10)
  A water moccasin (D:5)
  14 orc warriors
  4 sky beasts
  2 phantoms
  2 ice beasts
  26 ogres
  4 centaurs
  4 big kobolds
  6 bullfrogs
  A wyvern zombie (D:10)
  A wyvern skeleton (D:9)
  2 scorpions
  20 killer bees
  8 wights
  5 howler monkeys
  5 jellies
  2 quasits
  A gnoll shaman (D:7)
  A centaur skeleton (D:10)
  7 hounds
  3 bullfrog skeletons
  19 orc priests
  An iguana (D:5)
  Crazy Yiuf (D:2)
  31 orc wizards
  9 worker ants
  3 hound skeletons
  A howler monkey zombie (D:7)
  2 worker ant zombies
  18 gnolls
  8 adders
  3 shadow imps
  A white imp (D:5)
  5 ufetubi
  5 oozes (D:10)
  An adder skeleton (D:7)
  5 worms
  2 dart slugs (D:2)
  4 leopard geckos
  117 orcs
  8 giant cockroaches
  12 goblins
  8 hobgoblins
  8 jackals
  35 kobolds
  2 quokkas
  15 bats
  4 frilled lizards
  A leopard gecko zombie (D:5)
  7 rats
500 creatures vanquished.

Vanquished Creatures (others)
  12 fungi
  5 plants
  4 toadstools (D:9)
21 creatures vanquished.

Grand Total: 521 creatures vanquished

Notes
Turn   | Place    | Note
-------+----------+-------------------------------------------
     0 | D:1      | Almogavar the Gargoyle Fighter began the quest for the Orb.
     0 | D:1      | Reached XP level 1. HP: 14/14 MP: 1/1
   193 | D:1      | Reached XP level 2. HP: 14/20 MP: 2/2
   683 | D:2      | Reached XP level 3. HP: 24/24 MP: 3/3
   930 | D:2      | Found a runed translucent door.
   931 | D:2      | Noticed Crazy Yiuf
  1135 | D:2      | Reached skill level 3 in Maces & Flails
  1135 | D:2      | Reached XP level 4. HP: 29/29 MP: 4/4
  1292 | D:2      | Found a faded altar of an unknown god.
  1404 | D:2      | Killed Crazy Yiuf
  1815 | D:3      | Reached XP level 5. HP: 33/33 MP: 5/5
  1933 | D:3      | Found Zin's Purification Station.
  1937 | D:3      | Found a glowing silver altar of Zin.
  2618 | D:4      | Reached skill level 1 in Dodging
  2618 | D:4      | Reached XP level 6. HP: 38/38 MP: 4/6
  2735 | D:4      | Reached skill level 4 in Maces & Flails
  2735 | D:4      | Reached skill level 5 in Shields
  2771 | D:4      | You fall into a shaft and drop 1 floor!
  2771 | D:5      | Entered Level 5 of the Dungeon
  3044 | D:5      | Reached XP level 7. HP: 42/43 MP: 7/7
  3565 | D:4      | Found a staircase to the Ecumenical Temple.
  3573 | Temple   | Entered the Ecumenical Temple
  3595 | Temple   | Became a worshipper of Warmaster Okawaru
  3686 | D:4      | Reached skill level 5 in Maces & Flails
  3720 | D:4      | You fall into a shaft and drop 1 floor!
  4364 | D:5      | Reached XP level 8. HP: 48/48 MP: 8/8
  4733 | D:5      | Reached skill level 5 in Fighting
  5315 | D:6      | Reached skill level 6 in Maces & Flails
  5315 | D:6      | Reached skill level 5 in Armour
  5356 | D:6      | Reached * piety under Okawaru
  5487 | D:6      | Reached XP level 9. HP: 49/55 MP: 9/9
  5660 | D:6      | Found Noes's Gadget Emporium.
  6028 | D:6      | Reached skill level 7 in Maces & Flails
  6330 | D:7      | Noticed Harold
  6383 | D:7      | Killed Harold
  6383 | D:7      | Reached ** piety under Okawaru
  6428 | D:7      | Reached skill level 1 in Stealth
  6588 | D:7      | Noticed Maggie
  6630 | D:7      | Killed Maggie
  6631 | D:7      | Reached skill level 8 in Maces & Flails
  6729 | D:7      | Reached XP level 10. HP: 51/61 MP: 10/10
  6929 | D:7      | Found Oxoav's Magic Scroll Emporium.
  6990 | D:7      | Reached *** piety under Okawaru
  7032 | D:7      | Bought a scroll of magic mapping for 45 gold pieces
  7032 | D:7      | Bought a scroll of identify for 26 gold pieces
  7032 | D:7      | Bought a scroll of teleportation for 39 gold pieces
  7053 | D:7      | Found Ximmi's Book Shop.
  7224 | D:7      | Noticed Joseph
  7249 | D:7      | Killed Joseph
  7250 | D:7      | Reached skill level 10 in Shields
  7786 | D:8      | Found a shadowy altar of Dithmenos.
  8378 | D:9      | Noticed a two-headed ogre
  8396 | D:9      | Killed a two-headed ogre
  8396 | D:9      | Reached **** piety under Okawaru
  8397 | D:9      | Reached skill level 9 in Maces & Flails
  8417 | D:9      | Found a flagged portal.
  8426 | Bailey   | Entered a bailey
  8436 | Bailey   | Noticed an orc knight
  8482 | Bailey   | Killed an orc knight
  8595 | Bailey   | Got a steaming helmet
  8601 | Bailey   | Identified the cursed +0 helmet of the Sea {-Tele Rampage
                  | Dex+7} (You found it in a bailey)
  8710 | D:9      | Reached XP level 11. HP: 66/67 MP: 11/11
  8873 | D:9      | Noticed a two-headed ogre
  8887 | D:9      | Killed a two-headed ogre
  8887 | D:9      | Reached ***** piety under Okawaru
  9037 | D:9      | Found a glowing golden altar of the Shining One.
  9183 | D:9      | Noticed a cyan ugly thing
  9218 | D:9      | Killed a cyan ugly thing
  9613 | D:9      | Received a gift from Okawaru
  9616 | D:9      | Got a jewelled great mace {god gift}
  9622 | D:9      | Identified the +9 great mace "Cof Yq Sea" {speed, Will-
                  | Int+9 Dex-2} (Okawaru gifted it to you on level 9 of the
                  | Dungeon)
  9716 | D:9      | Found a staircase to the Lair.
 10042 | D:10     | Entered Level 10 of the Dungeon
 10203 | D:10     | Reached skill level 10 in Maces & Flails
 10445 | D:10     | Identified a scroll of acquirement
 10446 | D:10     | Acquired the ring "Hocano" {*Drain +Fly rPois rN+ SInv}
 10804 | D:10     | Noticed a two-headed ogre
 10811 | D:10     | Killed a two-headed ogre
 11072 | D:11     | Found a staircase to the Orcish Mines.
 11125 | D:11     | Reached skill level 11 in Maces & Flails
 11321 | D:11     | Reached XP level 12. HP: 49/74 MP: 12/12
 11634 | D:11     | Received a gift from Okawaru
 12081 | Orc:1    | Entered Level 1 of the Orcish Mines
 12535 | Orc:1    | Reached skill level 12 in Maces & Flails
 12694 | Orc:2    | Entered Level 2 of the Orcish Mines
 12887 | Orc:2    | Noticed a two-headed ogre
 12887 | Orc:2    | Noticed a two-headed ogre
 12895 | Orc:2    | Killed a two-headed ogre
 12901 | Orc:2    | Killed a two-headed ogre
 13013 | Orc:2    | Noticed a two-headed ogre
 13014 | Orc:2    | Noticed a two-headed ogre
 13015 | Orc:2    | Noticed an ogre mage
 13020 | Orc:2    | Noticed a two-headed ogre
 13021 | Orc:2    | Noticed an ogre mage
 13024 | Orc:2    | Killed a two-headed ogre
 13030 | Orc:2    | Killed a two-headed ogre
 13032 | Orc:2    | Noticed an ogre mage
 13033 | Orc:2    | Killed an ogre mage
 13052 | Orc:2    | Killed a two-headed ogre
 13053 | Orc:2    | Reached skill level 13 in Maces & Flails
 13229 | Orc:2    | Noticed an ogre mage
 13238 | Orc:2    | Noticed a two-headed ogre
 13240 | Orc:2    | Killed an ogre mage
 13247 | Orc:2    | Noticed a two-headed ogre
 13251 | Orc:2    | Killed a two-headed ogre
 13257 | Orc:2    | Noticed a two-headed ogre
 13363 | Orc:2    | Killed a two-headed ogre
 13364 | Orc:2    | Reached skill level 1 in Invocations
 13370 | Orc:2    | Killed a two-headed ogre
 13371 | Orc:2    | Reached XP level 13. HP: 81/81 MP: 13/13
 13378 | Orc:2    | Reached ****** piety under Okawaru
 13415 | Orc:2    | Killed an ogre mage
 13416 | Orc:2    | Reached skill level 14 in Maces & Flails
 13431 | Orc:2    | Received a gift from Okawaru
 13450 | Orc:2    | Reached skill level 10 in Fighting
 13652 | Orc:2    | Found a staircase to the Elven Halls.
 14347 | Orc:2    | Found Rinec's Gadget Shop.
 14348 | Orc:2    | Found Laenunk's Assorted Antiques.
 14348 | Orc:2    | Found Fups's Assorted Antiques.
 14348 | Orc:2    | Found Tiekk's Jewellery Emporium.
 14355 | Orc:2    | Bought a lightning rod (4/4) for 660 gold pieces
 14567 | Lair:1   | Entered Level 1 of the Lair of Beasts
 14763 | Lair:1   | Noticed Gastronok
 14776 | Lair:1   | Slain by a seven-headed hydra

Illustrated notes

Levels and vault maps discovered:
D:1:      scummos_arrival_forest, layout_rooms
D:2:      layout_basic, chequers_ecumenical_altar_lobes, minivault_14,
          uniq_crazy_yiuf_cottage
D:3:      layout_loops_ring, zin_purify
D:4:      layout_basic, minmay_temple_entry_offerings
D:5:      layout_layer_cave
D:6:      layout_loops_cross, serial_shops, shop_statue
D:7:      layout_basic, serial_shops, nicolae_shop_competitors_out_of_business,
          shop, uniq_maggie, uniq_harold, uniq_joseph
D:8:      layout_loops_ring, special_room [special_room_orc],
          grunt_dithmenos_shadows
D:9:      layout_stronghold, lair_entry_dummy, lightli_bailey_entry_fortress,
          minmay_gold_behind_fungi, nicolae_tso_carved_into_rock
D:10:     layout_irregular_city, hangedman_little_slice_of_home
D:11:     layout_basic, orc_0_dummy
Temple:   regret_index_temple_sigil_plot
Lair:1:   layout_chaotic_city, beast_lair_carwin_5, uniq_gastronok
Orc:1:    layout_caves
Orc:2:    st_orc_ogre_mass, layout_caves

Skill      XL: |  1  2  3  4  5  6  7  8  9 10 11 12 13 |
---------------+----------------------------------------+-----
Maces & Flails | 3 4 5 6 8 9 11 13 14 | 14.7
Shields        | 4 5 6 7 9 11 12 | 12.0
Fighting       | 4 5 6 7 8 9 10 | 10.3
Armour         | 4 5 6 7 |  7.9
Dodging        | 1 2 3 4 |  4.9
Stealth        | 1 2 |  2.3
Invocations    | 1 |  1.0

Action                   |  1- 3 |  4- 6 |  7- 9 | 10-12 | 13-15 || total
-------------------------+-------+-------+-------+-------+-------++-------
Melee: Flail             |   159 |    81 |       |       |       ||   240
       Whip              |       |   203 |   678 |   855 |       ||  1736
       Great mace        |       |       |       |   390 |    94 ||   484
Invok: Heroism           |       |       |       |     9 |     1 ||    10
  Use: Scroll            |       |     3 |     1 |    13 |     1 ||    18
       Potion            |       |     1 |       |       |       ||     1
 Stab: Held in net/web   |       |       |     1 |       |       ||     1
       Sleeping          |       |       |       |     1 |       ||     1
Armor: Scale mail        |   127 |   127 |       |       |       ||   254
       Chain mail        |       |    47 |   231 |       |       ||   278
       Swamp dragon scal |       |       |    18 |   392 |    29 ||   439
Dodge: Dodged            |    73 |    93 |   110 |   481 |    53 ||   810
Block: Kite shield       |   141 |   125 |   419 |   732 |       ||  1417
       Reflection        |       |       |     3 |    82 |       ||    85
       Other             |       |       |       |    58 |    15 ||    73
